 Dungeon Crawl Stone Soup version 0.31.0-9-g3a7656b989 (webtiles) character file.

Game seed: 9447099507355330904

27 qw the Shooter (level 2, -1/16 HPs)
             Began as a Deep Elf Hunter on Feb 2, 2024.
             Succumbed to their own poison gas
             ... on level 1 of the Dungeon.
             The game lasted 00:00:02 (758 turns).

qw the Shooter (Deep Elf Hunter)                     Turns: 758, Time: 00:00:02

Health: -1/16      AC:  7    Str:  8    XL:     2   Next: 93%
Magic:  4/4        EV: 10    Int: 13    God:
Gold:   85         SH:  0    Dex: 18    Spells: 1/1 levels left

rFire   . . .        a - +0 shortbow
rCold   . . .        (shield currently unavailable)
rNeg    . . .        g - +2 ring mail
rPois   .            (no helmet)
rElec   .            (no cloak)
rCorr   .            (no gloves)
SInv    .            (no boots)
Will    +....        (no amulet)
Stlth   +            d - ring of willpower
HPRegen 0.22/turn    (no ring)
MPRegen 0.09/turn

%: no passive effects
@: lethally poisoned (-1 -> -10)
A: no striking features
a: no special abilities


You were on level 1 of the Dungeon.
You visited 1 branch of the dungeon, and saw 1 of its levels.

You collected 85 gold pieces.


   Skills:
 - Level 1.5 Fighting
 + Level 6.6 Ranged Weapons
 - Level 2.4 Dodging
 - Level 1.2 Stealth


You had one spell level left.
You didn't know any spells.
Your spell library was empty.

Inventory:

Hand Weapons
 a - a +0 shortbow (weapon)
Armour
 g - a +2 ring mail (worn)
Jewellery
 d - a ring of willpower (left hand)

Dungeon Overview and Level Annotations

Branches:
Dungeon (1/15)

Altars:


Message History

750 ||| READING 3 scrolls labelled GAROEL UXUYH.
The air fills with toxic fumes!
As you read the scroll labelled GAROEL UXUYH, it crumbles to dust.
It was a scroll of poison.
Done exploring.
751 ||| READING scroll labelled DOIPPATROI.
As you read the scroll labelled DOIPPATROI, it crumbles to dust.
You hear a loud clanging noise!
It was a scroll of noise.
Done exploring.
752 ||| DROPPING scroll of butterflies.
You drop a scroll of butterflies.
Done exploring.
753 ||| DROPPING potion of invisibility.
You drop a potion of invisibility.
Done exploring.
754 ||| DROPPING potion of lignification.
You drop a potion of lignification.
Done exploring.
755 ||| DROPPING 2 scrolls of poison.
You drop 2 scrolls of poison.
Done exploring.
What level of the Dungeon? (default 1, ? - help) Sorry, I don't know how to get there.
Enter note:
Enter note:
Enter note:
Enter note:
Enter note:
Enter note:
Enter note:
Enter note:
Enter note: You are engulfed in poison gas.
You are poisoned.
Ouch! That really hurt!
You feel very sick.
757 ||| Stepping ~*~*~tactically~*~*~ (cloud).
You feel very sick.
Items here: !! ??.
There is a lethal amount of poison in your body!
You die...

#..........#.###.....
#.#.#.#......# #.##.#
#..###..##)#.###.##.#
#.#¤#0#.##.##........
#.##¤##.##.####.###.#
#..¤¤¤.....# #.# #..
####¤####### #.# #..
#0# ### ### #@# #0#
###### ##### #
##¤###....# #...# #
#¤¤##.....# #...# #
#¤###.....###...###
#¤###..............
#0.................
######.............
#....###...###


There were no monsters in sight!

Vanquished Creatures
  A dart slug (D:1)
  4 ball pythons (D:1)
  2 endoplasms (D:1)
  2 goblins (D:1)
  2 hobgoblins (D:1)
  3 jackals (D:1)
  A quokka (D:1)
  3 bats (D:1)
  A frilled lizard (D:1)
  3 kobolds (D:1)
22 creatures vanquished.

Notes
Turn   | Place    | Note
-------+----------+-------------------------------------------
     0 | D:1      | qw the Deep Elf Hunter began the quest for the Orb.
     0 | D:1      | Reached XP level 1. HP: 12/12 MP: 3/3
     0 | D:1      | 0 ||| qw: Version: 0.3-a-155-g5e7d8dd
     0 | D:1      | 0 ||| qw: Game counter: 707
     0 | D:1      | 0 ||| qw: Melee chars always use a shield: true
     0 | D:1      | 0 ||| qw: God list: Okawaru
     0 | D:1      | 0 ||| qw: Allow faded altars: false
     0 | D:1      | 0 ||| qw: Do Orc after clearing Dungeon:15 true
     0 | D:1      | 0 ||| qw: Do second Lair branch before Depths: true
     0 | D:1      | 0 ||| qw: Lair rune preference: random
     0 | D:1      | 0 ||| qw: Goals: Normal
     0 | D:1      | 0 ||| PLANNING D:1-11
    63 | D:1      | HP: 3/12 [hobgoblin (3)]
   202 | D:1      | Noticed a great orb of eyes
   204 | D:1      | Reached XP level 2. HP: 16/16 MP: 4/4
   205 | D:1      | Found a faded altar of an unknown god.
   207 | D:1      | Noticed a great orb of eyes
   207 | D:1      | Noticed a great orb of eyes
   207 | D:1      | Noticed a golden eye
   214 | D:1      | Reached skill level 6 in Ranged Weapons
   729 | D:1      | 729 ||| UPGRADING to +0 ring mail.
   739 | D:1      | 739 ||| DROPPING +0 leather armour.
   740 | D:1      | 740 ||| UPGRADING to ring of willpower.
   741 | D:1      | 741 ||| READING 2 scrolls labelled UGREGI LETZYMA.
   741 | D:1      | 741 ||| ENCHANTING +0 ring mail.
   742 | D:1      | 742 ||| READING scroll of enchant armour.
   742 | D:1      | 742 ||| ENCHANTING +1 ring mail.
   743 | D:1      | 743 ||| READING scroll labelled MUOX NASOWO.
   748 | D:1      | 748 ||| READING 2 scrolls labelled IMEAFO BIOG.
   748 | D:1      | 748 ||| IDENTIFYING smoky pink potion
   749 | D:1      | 749 ||| READING scroll of identify.
   749 | D:1      | 749 ||| IDENTIFYING lumpy orange potion
   750 | D:1      | 750 ||| READING 3 scrolls labelled GAROEL UXUYH.
   751 | D:1      | 751 ||| READING scroll labelled DOIPPATROI.
   752 | D:1      | 752 ||| DROPPING scroll of butterflies.
   753 | D:1      | 753 ||| DROPPING potion of invisibility.
   754 | D:1      | 754 ||| DROPPING potion of lignification.
   755 | D:1      | 755 ||| DROPPING 2 scrolls of poison.
   756 | D:1      | HP: 3/16 [poisoned by you (poison gas)]
   757 | D:1      | 757 ||| Stepping ~*~*~tactically~*~*~ (cloud).
   757 | D:1      | HP: 1/16 [poisoned by you (poison gas)]
   758 | D:1      | Succumbed to their own poison gas

Levels and vault maps discovered:
D:1:      minmay_arrival_hallway, layout_loops_cross,
          hellmonk_ecumenical_altar_watching_god

Skill      XL: |  1  2 |
---------------+-------+-----
Ranged Weapons | 6 |  6.6
Fighting       | |  1.5
Dodging        | |  2.4
Stealth        | |  1.2

Action                     || total
---------------------------++-------
   Fire: Shortbow          ||    58
    Use: Scroll            ||     7
 Armour: Leather armour    ||    10
  Dodge: Dodged            ||    14

Table legend:
 A = Non-vault XP
 B = Vault XP
 C = Vault XP percentage of total XP
 D = Non-vault monster count
 E = Vault monster count
 F = Vault count percentage of total count
                 A         B        C        D         E       F
            +---------+---------+-------+---------+---------+-------
      Total |      39 |       0 |   0.0 |      22 |       0 |   0.0
            +---------+---------+-------+---------+---------+-------
        D:1 |      39 |       0 |   0.0 |      22 |       0 |   0.0
            +---------+---------+-------+---------+---------+-------
